 Dungeon Crawl Stone Soup version 0.18.1-6-gd335043 (webtiles) character file.

97 Elouann the Slasher (level 4, 32/37 HPs)
             Began as a Minotaur Gladiator on May 13, 2016.
             Was an Initiate of Nemelex Xobeh.
             Quit the game on level 2 of the Dungeon on May 16, 2016.
             The game lasted 00:09:46 (1404 turns).

Elouann the Slasher (Minotaur Gladiator)            Turns: 1404, Time: 00:09:46

Health: 32/37      AC:  3    Str: 21    XL:     4   Next: 42%
Magic:  3/3        EV: 12    Int:  5    God:    Nemelex Xobeh [......]
Gold:   58         SH:  0    Dex: 10    Spells: 0 memorised, 3 levels left

rFire  . . .     SeeInvis .     a - +0 long sword
rCold  . . .     Gourm    .     b - +0 leather armour
rNeg   . . .     Faith    .     (no shield)
rPois  .         Spirit   .     c - +0 hat
rElec  .         Dismiss  .     (no cloak)
rCorr  .         Reflect  .     (no gloves)
SustAt .         Harm     .     (no boots)
MR     .....                    (no amulet)
Stlth  +.........               (no ring)
                                (no ring)

@: not resistant to hostile enchantments, very unstealthy
A: retaliatory headbutt, horns 2
a: Renounce Religion


You were on level 2 of the Dungeon.
You worshipped Nemelex Xobeh.
Nemelex Xobeh was noncommittal.
You were not hungry.

You visited 1 branch of the dungeon, and saw 2 of its levels.

You collected 58 gold pieces.

Inventory:

Hand Weapons
 a - a +0 long sword (weapon)
 g - a +0 hunting sling
Missiles
 d - 3 throwing nets
 o - 18 stones
 q - 16 arrows
Armour
 b - a +0 leather armour (worn)
 c - a +0 hat (worn)
Jewellery
 j - a cursed amulet of inaccuracy {unknown}
 s - a +4 amulet of reflection {unknown}
Scrolls
 e - a scroll of identify (quivered) {unknown}
 h - a scroll of enchant weapon {unknown}
 r - a scroll of noise {unknown}
Potions
 l - a potion of might
 n - a potion of heal wounds
 p - 2 potions of curing
Miscellaneous
 t - a plain deck of summoning
Comestibles
 f - 3 bread rations
 i - 3 fruits
 k - a meat ration
 m - 5 chunks of flesh


   Skills:
 - Level 2.4 Fighting
 - Level 6.1 Long Blades
 - Level 2.0 Throwing
 + Level 1.4 Armour
 - Level 3.2 Dodging


You had 3 spell levels left.
You didn't know any spells.

Dungeon Overview and Level Annotations

Branches:
Dungeon (2/15)

Altars:
Dithmenos
Nemelex Xobeh


Innate Abilities, Weirdness & Mutations

You reflexively headbutt those who attack you in melee.
You have a pair of horns on your head.


Message History

w - Wait here. f - Follow me.
Anything else - Stay silent.
Okay, then.
A rat comes into view.
The rat twitches its whiskers.
The rat twitches its whiskers.
There is a sparkling altar of Nemelex Xobeh here.
You see here a plain deck of cards.
You kneel at the altar of Nemelex Xobeh.
Nemelex Xobeh welcomes you!
t - a plain deck of cards Save game and exit?
Welcome back, Elouann the Minotaur Gladiator.
Nemelex Xobeh says: It's all in the cards!
Press ? for a list of commands and other information.
Quiver which item? (- for none, * to show all) (? for menu, Esc to quit)
You don't have any such object.
Quiver which item? (- for none, * to show all) (? for menu, Esc to quit)
Quivering
e - a scroll labeled QIPLID YMNEOTU for throwing.
Are you sure you want to abandon this character and quit the game? (Confirm with "yes".)

####+###############
#......>...........#
#......@#####.####.#
#.......# #.#....##
#(......## #.#.#...#
#.....r..####.#.#.#.####
####....................
#..........#.#.##.###
#.<(..)....#.#. #..#
#.####.....#.#.###.##
... #....##.........


You could see a rat.

Vanquished Creatures
  Terence (D:2)
  A gnoll (D:1)
  An adder (D:2)
  2 oozes
  3 giant geckos
  A ball python (D:1)
  3 bats (D:1)
  2 giant cockroaches (D:1)
  6 goblins
  9 hobgoblins
  2 quokkas (D:2)
  4 giant newts (D:1)
  5 kobolds
  2 rats (D:2)
42 creatures vanquished.

Notes
Turn   | Place    | Note
--------------------------------------------------------------
     0 | D:1      | Elouann the Minotaur Gladiator began the quest for the Orb.
     0 | D:1      | Reached XP level 1. HP: 18/18 MP: 0/0
    69 | D:1      | Reached skill level 4 in Long Blades
   126 | D:1      | Reached XP level 2. HP: 25/25 MP: 1/1
   201 | D:1      | Reached skill level 5 in Long Blades
   219 | D:1      | Reached XP level 3. HP: 5/30 MP: 2/2
  1025 | D:2      | Noticed Terence
  1031 | D:2      | Killed Terence
  1031 | D:2      | Reached XP level 4. HP: 24/37 MP: 3/3
  1177 | D:2      | Reached skill level 1 in Armour
  1227 | D:2      | Reached skill level 6 in Long Blades
  1247 | D:2      | Found a shadowy altar of Dithmenos.
  1372 | D:2      | Found a sparkling altar of Nemelex Xobeh.
  1401 | D:2      | Became a worshipper of Nemelex Xobeh the Trickster
  1403 | D:2      | Upgraded the game from 0.18.1-5-g4a78601 to 0.18.1-6-gd335043
  1404 | D:2      | Quit the game

Skill      XL: |  1  2  3  4 |
---------------+-------------+-----
Long Blades    | 4 5 6 |  6.1
Armour         | 1 |  1.4
Fighting       | |  2.4
Throwing       | |  2.0
Dodging        | |  3.2

Action                   |  1- 3 |  4- 6 || total
-------------------------+-------+-------++-------
Melee: Long sword        |    66 |    29 ||    95
       Headbutt          |     6 |     8 ||    14
Throw: Throwing net      |     2 |       ||     2
  Use: Potion            |     4 |       ||     4
  Eat: Chunk             |       |     2 ||     2
Armor: Leather armour    |    11 |     8 ||    19
Dodge: Dodged            |    52 |    17 ||    69
